 Dungeon Crawl Stone Soup version 0.17.0-24-gcfadda4 (webtiles) character file.

185 Niddhoggr the Skirmisher (level 5, -3/48 HPs)
             Began as a Minotaur Fighter on Nov 17, 2015.
             Was a Follower of Okawaru.
             Killed by nerve-wracking pain
             ... invoked by an orc priest
              (14 damage)
             ... on level 4 of the Dungeon.
             The game lasted 00:12:34 (3708 turns).

Niddhoggr the Skirmisher (Minotaur Fighter)         Turns: 3708, Time: 00:12:35

Health: -3/48      AC:  9    Str: 20    XL:     5   Next: 37%
Magic:  4/4        EV:  5    Int:  5    God:    Okawaru [*.....]
Gold:   205        SH:  9    Dex: 11    Spells: 0 memorised, 4 levels left

rFire  . . .     SeeInvis .     v - +4 spear
rCold  . . .     Clarity  .     m - +0 chain mail
rNeg   + . .     SustAt   .     c - +0 shield
rPois  .         Gourm    .     (helmet restricted)
rElec  .         Spirit   .     (no cloak)
rCorr  .         Warding  .     (no gloves)
rMut   .         Stasis   .     (no boots)
MR     .....                    (no amulet)
Stlth  ..........               l - ring of positive energy
                                f - ring of stealth

@: not resistant to hostile enchantments, extremely unstealthy
A: retaliatory headbutt, horns 2
a: Heroism, Renounce Religion


You were on level 4 of the Dungeon.
You worshipped Okawaru.
Okawaru was aware of your devotion.
You were not hungry.

You visited 2 branches of the dungeon, and saw 5 of its levels.
You also visited: Ossuary.

You collected 205 gold pieces.

Inventory:

Hand Weapons
 a - a +0 war axe
 h - a +0 short sword of freezing
 v - a +4 spear (weapon)
Armour
 b - a +0 scale mail
 c - a +0 shield (worn)
 m - a +0 chain mail (worn)
Jewellery
 f - a ring of stealth (left hand)
 j - an uncursed ring of wizardry
 l - a ring of positive energy (right hand)
Scrolls
 p - 3 scrolls of remove curse {unknown}
 r - 2 scrolls of recharging {unknown}
 s - a scroll of noise {unknown}
 t - a scroll of enchant weapon {unknown}
 u - 3 scrolls of identify {unknown}
 x - a scroll of fog {unknown}
 y - a scroll of amnesia {unknown}
Potions
 d - 2 potions of might
 e - 3 potions of ambrosia {unknown}
 g - 2 potions of cancellation {unknown}
 i - 2 potions of curing {unknown}
 k - 4 potions of heal wounds {unknown}
 n - a potion of degeneration {unknown}
 o - a potion of poison {unknown}
 q - 4 potions of magic {unknown}
 z - a potion of haste {unknown}
 A - a potion of brilliance {unknown}
 B - 2 potions of flight {unknown}
 C - a potion of agility {unknown}
Comestibles
 w - 2 meat rations


   Skills:
 + Level 5.5 Fighting
 - Level 1.6 Short Blades
 - Level 2.5(3.3) Axes
 * Level 3.1(3.6) Polearms
 - Level 3.9 Armour
 - Level 4.1 Shields


You had 4 spell levels left.
You didn't know any spells.

Dungeon Overview and Level Annotations

Branches:
Dungeon (4/15)             Temple (1/1) D:4

Altars:
Ashenzari
Dithmenos
Elyvilon
Fedhas
Kikubaaqudgha
Makhleb
Nemelex Xobeh
Okawaru
Qazlal
Sif Muna
Trog
Xom
Zin
The Shining One


Innate Abilities, Weirdness & Mutations

You reflexively headbutt those who attack you in melee.
You have a pair of horns on your head.


Message History

You bump into the rock wall.
You feel less confused. The orc hits you with a whip.
You hit the orc.
The orc is lightly wounded.
The orc hits you but does no damage.
You hit the orc. You headbutt the orc.
You kill the orc!
Okawaru accepts your kill.
Your chain mail prevents you from hitting the orc priest.
The orc priest hits you but does no damage.
You completely miss the orc priest. Your headbutt misses the orc priest.
The orc priest invokes the aid of Beogh against you.
Pain shoots through your body!
* * * LOW HITPOINT WARNING * * *
You puncture the orc priest!
The orc priest is heavily wounded.
The orc priest invokes the aid of Beogh against you.
Pain shoots through your body!
You die...

≈≈≈...≈≈≈≈≈≈...# #[..........#
≈≈≈≈≈≈≈≈≈≈≈....# ##..#....#...#
≈≈≈≈≈≈≈≈≈....#.# #............#
..≈≈≈≈≈......#.# #..#......#..#
.............#.###o{.....:....#
#..#..##.#####.##..#####..###.#
..###....# #.o.o## ##.# #
#..#..#'#######o### #.#
##...###...#...#@# #.# ##.##
#.>.#...##.......#.# #.#
#...#...# #####..... ..#
######### ..# . # #...#...# #.
#.>.#.>.# #...#...# +#######+


You could see an orc priest and an orc.

Vanquished Creatures
  Menkaure (Ossuary)
  An orc priest (D:3)
  2 mummies (Ossuary)
  An adder (D:2)
  A gnoll (D:1)
  An ooze (D:2)
  A worm (D:3)
  5 orcs
  2 ball pythons
  A giant cockroach (D:4)
  7 goblins
  7 hobgoblins
  7 kobolds
  A quokka (D:3)
  10 bats
  4 giant geckos
  5 giant newts
  2 gnoll skeletons (Ossuary)
  A goblin skeleton (Ossuary)
  2 goblin zombies (Ossuary)
  3 kobold skeletons (Ossuary)
  An orc skeleton (Ossuary)
  4 orc zombies (Ossuary)
  6 rats
  A rat skeleton (Ossuary)
  3 rat zombies (Ossuary)
80 creatures vanquished.

Vanquished Creatures (others)
  A mummy (Ossuary)
  2 gnoll zombies (Ossuary)
  3 goblin skeletons (Ossuary)
  2 hobgoblin skeletons (Ossuary)
  4 hobgoblin zombies (Ossuary)
  2 kobold skeletons (Ossuary)
  4 kobold zombies (Ossuary)
  3 orc skeletons (Ossuary)
  3 orc zombies (Ossuary)
  7 rat skeletons (Ossuary)
  3 rat zombies (Ossuary)
34 creatures vanquished.

Grand Total: 114 creatures vanquished

Notes
Turn   | Place    | Note
--------------------------------------------------------------
     0 | D:1      | Niddhoggr the Minotaur Fighter began the quest for the Orb.
     0 | D:1      | Reached XP level 1. HP: 19/19 MP: 0/0
    69 | D:1      | Reached skill level 4 in Shields
    69 | D:1      | Reached XP level 2. HP: 21/27 MP: 1/1
   418 | D:1      | Reached XP level 3. HP: 29/33 MP: 2/2
   457 | D:1      | Reached skill level 1 in Short Blades
  2218 | D:2      | Found a white marble altar of Elyvilon.
  2565 | D:3      | Reached skill level 5 in Fighting
  2565 | D:3      | Reached skill level 1 in Polearms
  2565 | D:3      | Reached XP level 4. HP: 36/42 MP: 3/3
  2716 | D:3      | Found a glowing silver altar of Zin.
  2919 | D:4      | Found a staircase to the Ecumenical Temple.
  2953 | Temple   | Entered the Ecumenical Temple
  3059 | Temple   | Became a worshipper of Warmaster Okawaru
  3094 | D:4      | Found a sand-covered staircase.
  3128 | Ossuary  | Entered an ossuary
  3338 | Ossuary  | Noticed Menkaure
  3344 | Ossuary  | Killed Menkaure
  3344 | Ossuary  | Reached * piety under Okawaru
  3344 | Ossuary  | Reached XP level 5. HP: 34/48 MP: 4/4
  3708 | D:4      | Killed from afar by an orc priest

Action                   |  1- 3 |  4- 6 || total
-------------------------+-------+-------++-------
Melee: War axe           |    19 |       ||    19
       Short sword       |    94 |       ||    94
       Spear             |    11 |    62 ||    73
  Eat: Bread ration      |     2 |       ||     2
       Pizza             |     1 |       ||     1
